[Event "*** Titled Tuesday Blitz"]
[Site "Chess.com"]
[Date "2021.02.09"]
[Round "8"]
[White "Korchmar_Vasiliy"]
[Black "SARGISMV"]
[Result "1-0"]
[WhiteElo "2588"]
[BlackElo "2445"]
[TimeControl "180+1"]
[EndTime "11:29:50 PST"]
[Termination "Korchmar_Vasiliy won by checkmate"]

1. e4 e6 2. d4 d5 3. exd5 exd5 4. Nf3 Bd6 5. c4 Nf6 6. c5 Be7 7. Bd3 b6 8. O-O bxc5 9. dxc5 Bxc5 10. Re1+ Be7 11.
Ne5 O-O 12. Nc3 c5 13. Qf3 Be6 14. Bg5 h6 15. Bh4 Qd6 16. Rad1 Nc6 17. Nxc6 Qxc6 18. Bc4 Rad8 19. Bxf6 Bxf6 20. Nxd5 Bxd5 21. Bxd5 Qb6 22. b3 Bd4 23. Re7 Qg6 24. Rxa7 Rd6 25. Be4 Qe6 26. g3 Qe5 27. Rd2 Rf6 28. Qd3 Re8 29. Bf3 Rd8 30. Kg2 Rfd6 31. Re2 Qf6 32. Qe4 c4 33. Ra8 c3 34.
Rxd8+ Rxd8 35. a4 g6 36. a5 Qa6 37. b4 Qb5 38. Rc2 Qxb4 39. a6 Qa5 40. Qb7 Kg7 41.
Re2 Rd6 42. Re7 Rf6 43. Bd5 Rxf2+ 44. Kh3 Qc5 45. Rxf7+ Kh8 46. Rh7# 1-0

[Event "*** Titled Tuesday Blitz"]
[Site "Chess.com"]
[Date "2021.02.09"]
[Round "8"]
[White "boasovietica"]
[Black "Homino"]
[Result "1-0"]
[WhiteElo "2452"]
[BlackElo "2295"]
[TimeControl "180+1"]
[EndTime "11:29:51 PST"]
[Termination "boasovietica won on time"]

1. e4 c5 2. Nf3 Nc6 3. Nc3 g6 4. d4 cxd4 5. Nxd4 Bg7 6. Nb3 Nf6 7. Be2 O-O 8. O-O d6 9. Bg5 a5 10. a4 Be6 11. Kh1 Rc8 12. f4 Nb4 13. f5 Bc4 14.
Bd3 Nd7 15. Rf2 Ne5 16. Bf1 Qb6 17. Rd2 Bxf1 18. Qxf1 f6 19. Bh4 Nxc2 20. Rxc2 Qxb3 21. Rac1 Ng4 22. Qe2 gxf5 23. exf5 Ne5 24. Bf2 Kh8 25. Be3 Rg8 26. Bf4 Rc4 27. Be3 Ng4 28. Bd2 Ne5 29.
h3 Bf8 30. Be3 Rh4 31. Rd2 Nc4 32. Rdc2 Nxe3 33. Qxe3 Bh6 34. Qxe7 Bg5 35. Qe1 Qf7 36. Rd1 Qh5 37. Qf1 Bh6 38. Ne2 Qg5 39. Rd3 Re4 40.
Rf3 Qh5 41. Ng1 Rh4 42. Re2 Bg5 43. Rd3 Rf4 44. Rf3 Rh4 45. Qf2 Bh6 46. Rfe3 1-0

[Event "*** Titled Tuesday Blitz"]
[Site "Chess.com"]
[Date "2021.02.09"]
[Round "8"]
[White "Vugar_Manafov"]
[Black "Yaacovn"]
[Result "1-0"]
[WhiteElo "2668"]
[BlackElo "2828"]
[TimeControl "180+1"]
[EndTime "11:29:52 PST"]
[Termination "Vugar_Manafov won on time"]

1. Nf3 Nf6 2. g3 b6 3. Bg2 Bb7 4. O-O g6 5. d3 Bg7 6. Nc3 O-O 7. e4 c5 8. h3 d6 9. Nd2 Nfd7 10. f4 Nc6 11. g4 Rb8 12. Nc4 Nd4 13. a4 a6 14. f5 b5 15. axb5 axb5 16. Ne3 b4 17. Ncd5 e6 18. Nf4 exf5 19. gxf5 Ne5 20. Ned5 Bxd5 21. Nxd5 Qh4 22. f6 Bh6 23. Bxh6 Qxh6 24. c3 bxc3 25. bxc3 Ne6 26. Ra6 Ng5 27. Nf4 Rfd8 28.
d4 cxd4 29. cxd4 Nc4 30. Qe2 d5 31. exd5 Nd6 32. Ne6 Rd7 33. Qe3 fxe6 34. dxe6 Rdb7 35. f7+ Ngxf7 36. exf7+ Nxf7 37. Qxh6 Nxh6 38. Bxb7 Rxb7 39. d5 Rd7 40. Rd1 Nf5 41. Kf2 Kf7 42. Kf3 h5 43. Kf4 Rb7 44. d6 Rd7 45. Ke5 Ne3 46.
Rd4 g5 47. Ra3 1-0

[Event "*** Titled Tuesday Blitz"]
[Site "Chess.com"]
[Date "2021.02.09"]
[Round "8"]
[White "Jungle_Jaguar"]
[Black "Angry_Twin"]
[Result "0-1"]
[WhiteElo "2646"]
[BlackElo "2839"]
[TimeControl "180+1"]
[EndTime "11:29:52 PST"]
[Termination "Angry_Twin won by resignation"]

1. b3 e5 2. Bb2 Nc6 3. e3 g6 4. d4 Bg7 5. d5 Nce7 6. d6 cxd6 7.
Qxd6 Nf5 8. Qd2 d6 9. Nf3 Nf6 10.
c4 O-O 11. Nc3 b6 12. Be2 Bb7 13. O-O Ne4 14. Nxe4 Bxe4 15. Rfd1 Rc8 16. Ba3 Re8 17. Rac1 Qf6 18. Ne1 Rcd8 19. Bf3 Bxf3 20. Nxf3 e4 21. Ne1 Qg5 22. Bb2 Nh4 23. Bxg7 Kxg7 24. Qb2+ Re5 25. Rd5 Nf3+ 26. Nxf3 exf3 27. g3 Qf5 28.
Kh1 f6 29. Rd4 Qh3 30. Rg1 Rh5 31. Rh4 Rxh4 32. gxh4 Qxh4 33. Rg3 Qe4 34. Qc1 d5 35. Qd1 g5 36. cxd5 Rxd5 37. Qxf3 Qxf3+ 38. Rxf3 Rd2 39. a4 Rd3 40. b4 Rb3 41. a5 Rxb4 42. axb6 axb6 43. Kg2 Kg6 44. h3 Rc4 45. Rg3 b5 46.
Kf3 b4 47. Rg1 b3 48. Rb1 Rb4 49. Rb2 Kf5 50. Ke2 g4 51. hxg4+ Kxg4 52. f3+ Kg3 53.
f4 h5 54. Kd3 h4 55. Kc3 Rb8 56. e4 h3 57. e5 fxe5 58. fxe5 h2 59. Rb1 b2 60. e6 Kg2 61. e7 h1=Q 62. Rxb2+ Rxb2 63. Kxb2 Qe1 64. e8=Q Qxe8 65. Ka3 Kf3 66. Kb4 Qc6 0-1

[Event "*** Titled Tuesday Blitz"]
[Site "Chess.com"]
[Date "2021.02.09"]
[Round "8"]
[White "Kotofeyca"]
[Black "GianmarcoVaR"]
[Result "0-1"]
[WhiteElo "2441"]
[BlackElo "2581"]
[TimeControl "180+1"]
[EndTime "11:29:52 PST"]
[Termination "GianmarcoVaR won by checkmate"]

1. d4 Nf6 2. c4 e6 3. Nf3 b6 4. g3 Ba6 5. Qa4 c5 6. Bg2 Bb7 7. dxc5 bxc5 8. Nc3 Be7 9. O-O O-O 10.
Rd1 d6 11. Bf4 Qb6 12. Rd2 Rd8 13. Rad1 Na6 14. Qb5 Ne8 15. Qxb6 axb6 16. Nb5 e5 17. Bg5 f6 18. Be3 Nac7 19. Nc3 Ne6 20. Nh4 Bxg2 21.
Kxg2 N8c7 22. Nf5 Kf7 23. g4 Nd4 24. a3 g6 25. Ng3 Ke6 26. f3 f5 27. Bf2 Nb3 28.
Rc2 Ra5 29. e3 b5 30. Be1 bxc4 31. Nb1 Ra4 32. e4 fxg4 33. fxg4 Nd4 34. Rc3 Rb8 35. Rd2 Bg5 36. Rf2 Ncb5 37. Rcf3 Nxf3 38. Rxf3 Nd4 39. Bc3 Nxf3 40. Kxf3 Bc1 41. Ne2 Bxb2 42. Bd2 c3 43.
Nbxc3 Bxc3 44. Nxc3 Rxa3 45. Ke2 Rb2 46. Nd5 Raa2 47. Nc7+ Kd7 48. Ke3 Kxc7 49. g5 Rxd2 50.
h4 Rh2 51. Kf3 Rxh4 52. Kg3 Rxe4 53. Kf3 Rd4 54. Kg3 Ra3+ 55. Kf2 Rd2+ 56. Ke1 Rb2 57. Kd1 Ra1# 0-1

[Event "*** Titled Tuesday Blitz"]
[Site "Chess.com"]
[Date "2021.02.09"]
[Round "8"]
[White "anon481216"]
[Black "agartha01"]
[Result "1/2-1/2"]
[WhiteElo "2470"]
[BlackElo "2334"]
[TimeControl "180+1"]
[EndTime "11:29:56 PST"]
[Termination "Game drawn by repetition"]

1. d4 Nf6 2. c4 e6 3. g3 Bb4+ 4. Bd2 Bxd2+ 5. Qxd2 d5 6. Nf3 c6 7. Bg2 O-O 8. O-O Nbd7 9. Ne5 Nxe5 10. dxe5 Nd7 11.
f4 b6 12. cxd5 cxd5 13. Na3 Ba6 14. Nc2 Nc5 15. Nd4 Rc8 16. Rfc1 Qe7 17. b4 Ne4 18. Bxe4 dxe4 19. a3 Rfd8 20. Rxc8 Rxc8 21. Rc1 Qd7 22. Rxc8+ Bxc8 23. Qc3 Bb7 24. Kf2 h6 25. Ke3 Bd5 26. b5 Kh7 27. h4 a6 28. bxa6 Qa4 29. Qb4 Qxa6 30. Nb5 Qc8 31. Qc3 Qb7 32. Nd6 Qa7 33.
Nc8 Qa6 34. Nd6 b5 35. Nxe4 Qa7+ 36. Nc5 Bc4 37. Qb4 h5 38. a4 bxa4 39. Qxc4 a3 40. Kf3 a2 41. Nb3 a1=Q 42. Nxa1 Qxa1 43. Qd3+ g6 44. Qd7 Kg7 45. Kf2 Qh1 46. Qd8 Qh2+ 47.
Kf3 Qh1+ 48. Kf2 Qh2+ 49. Kf3 Qh1+ 50. Ke3 Qg1+ 51. Kf3 Qf1+ 52. Ke3 Qg1+ 53. Kf3 Qf1+ 54. Ke3 Qg1+ 1/2-1/2

[Event "*** Titled Tuesday Blitz"]
[Site "Chess.com"]
[Date "2021.02.09"]
[Round "8"]
[White "Sofiia_Hryzlova"]
[Black "zacachess"]
[Result "0-1"]
[WhiteElo "2270"]
[BlackElo "2415"]
[TimeControl "180+1"]
[EndTime "11:29:56 PST"]
[Termination "zacachess won on time"]

1. Nf3 Nf6 2. d4 g6 3. g3 Bg7 4. Bg2 O-O 5. b3 d6 6. Bb2 c5 7. d5 e5 8. dxe6 Bxe6 9. c4 h6 10. O-O d5 11. cxd5 Nxd5 12. Bxg7 Kxg7 13. Qc2 Qe7 14.
Nbd2 Nc6 15. Rac1 b6 16. e4 Ndb4 17. Qc3+ Kg8 18. Qe3 Nxa2 19. Ra1 Nab4 20. Qxh6 Qf6 21. Ng5 Qg7 22. Qxg7+ Kxg7 23. Nxe6+ fxe6 24. e5 Rad8 25. Nc4 Rd3 26. Rfb1 Rc3 27. Nd6 Rc2 28. Ne4 Nxe5 29. Rxa7+ Rf7 30. Rxf7+ Kxf7 31. Ng5+ Kf6 32. f4 Ned3 33. Ra1 Rc1+ 34. Rxc1 Nxc1 35. Bf1 Nxb3 36. Bc4 Nd4 37. Kf2 b5 38. Bf1 c4 39. Ke3 Nf5+ 40.
Kd2 Nd5 41. Be2 Nd6 42. Kc2 b4 43. Bf3 b3+ 44. Kc1 Nb5 45. Ne4+ Ke7 46. Be2 Nb6 47. Nd2 Nd6 48. Kb2 Kd7 49. Kc3 Nd5+ 50. Kd4 c3 51.
Bc4 cxd2 52. Bxd5 d1=Q+ 0-1

[Event "*** Titled Tuesday Blitz"]
[Site "Chess.com"]
[Date "2021.02.09"]
[Round "8"]
[White "Ghost_Pepper"]
[Black "OriTaichman"]
[Result "0-1"]
[WhiteElo "2408"]
[BlackElo "2542"]
[TimeControl "180+1"]
[EndTime "11:29:57 PST"]
[Termination "OriTaichman won by checkmate"]

1. e4 c5 2. Nf3 Nc6 3. d4 cxd4 4. Nxd4 d5 5. Nxc6 bxc6 6. c4 dxe4 7. Qxd8+ Kxd8 8. Nc3 Bf5 9. Bf4 f6 10. O-O-O+ Kc8 11.
h3 e5 12. Be3 Bb4 13. g4 Bg6 14.
Bg2 Bxc3 15. bxc3 h5 16. Rd6 hxg4 17. Rxc6+ Kb7 18. Rd6 gxh3 19. Rxh3 Rxh3 20. Bxh3 Re8 21. Rd7+ Kc6 22. Rxa7 Re7 23. Ra8 Bf7 24. c5 g6 25. Bc8 f5 26. Bg5 Re8 27. a4 Kxc5 28. Bb7 Rxa8 29. Bxa8 Bb3 30. a5 Kb5 31. Bd8 Nh6 32.
Bb7 Nf7 33. a6 Nxd8 34. a7 Nxb7 35. a8=Q Nc5 36. Qb8+ Kc4 37. Qg8+ Kxc3 38. Qxg6 Nd3+ 39. Kb1 f4 40. Qxe4 Bc2+ 41. Ka1 Kd2 42. f3 Kc3 43. Qe2 Kb3 44. Qd2 Nb4 45. Qc1 Nd3 46. Qg1 Kc3 47. Qg2 Nc5 48. Qe2 Nb3+ 49. Ka2 Nc1+ 50. Ka3 Nxe2 51.
Ka2 Nd4 52. Ka1 Nxf3 53. Ka2 Nd2 54. Ka3 e4 55. Ka2 e3 56. Ka3 e2 57. Ka2 e1=Q 58. Ka3 Qc1+ 59. Ka2 Qb1+ 60. Ka3 Qa1# 0-1

[Event "*** Titled Tuesday Blitz"]
[Site "Chess.com"]
[Date "2021.02.09"]
[Round "8"]
[White "igorcadilhac"]
[Black "Sokoloco"]
[Result "1-0"]
[WhiteElo "2315"]
[BlackElo "2448"]
[TimeControl "180+1"]
[EndTime "11:29:57 PST"]
[Termination "igorcadilhac won by resignation"]

1. e4 g6 2. d4 Bg7 3. Nc3 d6 4. f4 Nf6 5. Nf3 O-O 6. e5 dxe5 7. fxe5 Nh5 8. Bc4 c5 9. dxc5 Qxd1+ 10. Kxd1 Bg4 11. Nd5 Nc6 12. Ke2 Nxe5 13. Bb3 e6 14. Ne3 Nf4+ 15. Kf2 Bxf3 16. gxf3 Nc6 17. Nc4 Nd5 18.
Nd6 Bd4+ 19. Kg2 Bxc5 20. Nxb7 Be7 21. c4 Ndb4 22. Be3 Nd3 23. Rhd1 Rab8 24. Rxd3 Rxb7 25. Rad1 Rfb8 26. Bf4 Rc8 27. Rd7 Rxd7 28. Rxd7 Bf6 29. Ba4 Bxb2 30. c5 Kg7 31. Bd6 Ne5 32. Rxa7 Nd3 33.
c6 Be5 34. Bxe5+ Nxe5 35. c7 Kf6 36. Bb5 Ke7 37. Ba6 Kd7 38. Bxc8+ Kxc8 39. Kg3 Nc6 40.
Ra8+ Kxc7 41. Rf8 Nd8 42. Kf4 Kd7 43. Kg5 Ke7 44. Rh8 h5 45. Rxd8 Kxd8 46. Kf6 Kd7 47.
Kxf7 g5 48. Kf6 g4 49. fxg4 hxg4 50. Ke5 Kc6 51. Kxe6 Kc5 52. Kf5 Kb4 53. Kxg4 Ka3 54. h4 Kxa2 55. h5 Kb3 56. h6 Kc4 57. h7 Kd5 58.
h8=Q Ke6 59. Kf4 Kd5 1-0

[Event "*** Titled Tuesday Blitz"]
[Site "Chess.com"]
[Date "2021.02.09"]
[Round "8"]
[White "Kobalia"]
[Black "bazar-wokzal"]
[Result "0-1"]
[WhiteElo "2677"]
[BlackElo "2556"]
[TimeControl "180+1"]
[EndTime "11:29:58 PST"]
[Termination "bazar-wokzal won on time"]

1. e4 Nc6 2. Nf3 d5 3. exd5 Qxd5 4. Nc3 Qa5 5. Bb5 Bd7 6. O-O a6 7. Bxc6 Bxc6 8. d4 O-O-O 9. Ne5 Be8 10. Qf3 f6 11.
Nc4 Qh5 12. Qe3 Nh6 13. d5 Kb8 14. h3 Bf7 15. Rd1 e6 16. d6 Bxd6 17. Nxd6 Rxd6 18. Rxd6 cxd6 19. Qb6 Qc5 20. Qxc5 dxc5 21. Bxh6 gxh6 22. Ne4 Rd8 23. c3 f5 24. Nxc5 Rd2 25. b4 e5 26.
a4 Bc4 27. Re1 b6 28. Rxe5 bxc5 29. Rxc5 Bd3 30. Rd5 Rd1+ 31. Kh2 Bc2 32. Re5 Kc7 33. Re6 Rd6 34. Re7+ Kb6 35. Rxh7 Bxa4 36. g4 fxg4 37. hxg4 Bd1 38. Kg3 Rd3+ 39. Kh4 Rxc3 40. Rxh6+ Kb5 41. f4 Rc4 42. Rf6 Rxb4 43. g5 a5 44. g6 a4 45. g7 Bb3 46. Rf8 a3 47. Rb8+ Kc5 48. g8=Q Bxg8 49. Rxg8 Rxf4+ 50. Kh3 Kb4 51. Rb8+ Kc3 52.
Ra8 Kb3 0-1

[Event "*** Titled Tuesday Blitz"]
[Site "Chess.com"]
[Date "2021.02.09"]
[Round "8"]
[White "ZivkovicN"]
[Black "Iskusnyh"]
[Result "1-0"]
[WhiteElo "2472"]
[BlackElo "2587"]
[TimeControl "180+1"]
[EndTime "11:29:59 PST"]
[Termination "ZivkovicN won on time"]

1. e4 e6 2. d4 d5 3. Nd2 c5 4. Ngf3 Nc6 5. exd5 exd5 6. Bb5 cxd4 7. O-O Bd6 8. Nb3 Ne7 9. Nfxd4 O-O 10. Bg5 Qc7 11.
h3 h6 12. Bxe7 Nxe7 13. Re1 a6 14. Bd3 Bd7 15. Qf3 Rae8 16. Re2 Nc6 17. Rxe8 Rxe8 18.
Qxd5 Nb4 19. Qf3 Nxd3 20. Qxd3 Bc8 21. Rd1 Qe7 22. Nf3 Bc7 23. Nbd4 Qf6 24. Qd2 Bf4 25. Qb4 Qg6 26. Kh1 Qh5 27. Re1 Rxe1+ 28. Qxe1 Qc5 29.
Qe8+ Qf8 30. Qe4 Bd6 31. Nf5 Bc5 32. Kg1 Qd8 33. N5d4 Be7 34. c3 Bf6 35. g3 Bxh3 36. Ne5 Qe7 37. f4 h5 38. Qd5 Bg4 39. Kf2 g6 40. Ndf3 Kg7 41. Nd2 Qc7 42. Ne4 Qb6+ 43. Qd4 Qxb2+ 44. Ke3 Qc1+ 45. Kd3 Qd1+ 46. Nd2 Bxe5 47.
Qxe5+ Kg8 48. Qe3 Qc1 49. Kc4 1-0

[Event "*** Titled Tuesday Blitz"]
[Site "Chess.com"]
[Date "2021.02.09"]
[Round "8"]
[White "JoliyRoger"]
[Black "Spartakus1975"]
[Result "1/2-1/2"]
[WhiteElo "2434"]
[BlackElo "2569"]
[TimeControl "180+1"]
[EndTime "11:30:00 PST"]
[Termination "Game drawn by repetition"]

1. Nf3 d5 2. d4 Nf6 3. c4 c6 4. Nbd2 Bf5 5. Nh4 Be4 6. e3 h6 7. Nxe4 dxe4 8. g3 e6 9. Bd2 c5 10. dxc5 Bxc5 11. Bc3 Nc6 12. a3 a5 13. Ng2 Qc7 14. Nf4 Rd8 15. Qa4 e5 16. Nd5 Nxd5 17.
cxd5 Rxd5 18. Qxe4 Rd7 19. Bb5 O-O 20. O-O Re7 21.
Rac1 Qb6 22. Qc4 Na7 23. Ba4 Rc8 24. Qe4 Nb5 25. Bxe5 Rce8 26. Qc4 Rxe5 27. Bxb5 Rd8 28. a4 Rd2 29. Rc2 Rxc2 30. Qxc2 g6 31. Qc4 Kg7 32. Rd1 Qf6 33. Kg2 b6 34. Rd5 h5 35. Rxe5 Qxe5 36.
b3 Qb2 37. Qe4 Qf6 38. Bc4 Kf8 39. Qd5 Kg7 40. h3 Kf8 41. Qe4 Kg7 42. Qa8 Qb2 43.
Qb7 Qf6 44. Qd7 Kg8 45. h4 Kg7 46. Qd5 Kg8 47. Qe4 Kg7 48. Qb7 Kg8 49. Qd7 Kg7 50. Qc8 Qb2 51. Qd7 Qf6 1/2-1/2

[Event "*** Titled Tuesday Blitz"]
[Site "Chess.com"]
[Date "2021.02.09"]
[Round "8"]
[White "jorquerino"]
[Black "GameOverBro"]
[Result "0-1"]
[WhiteElo "2285"]
[BlackElo "2421"]
[TimeControl "180+1"]
[EndTime "11:30:00 PST"]
[Termination "GameOverBro won on time"]

1. e4 Nf6 2. Nc3 d5 3. exd5 Nxd5 4. Bc4 e6 5. Qf3 c6 6. Nge2 Nd7 7. Qg3 a5 8. a3 g6 9. h4 h5 10. d3 Bg7 11. Bg5 Qb6 12. O-O-O Ne5 13. Ba2 Ng4 14. d4 Qa6 15. Rhe1 O-O 16. Nf4 b5 17. f3 Nge3 18. Nfxd5 Nxd5 19. Ne4 b4 20. a4 c5 21. Nxc5 Qc6 22. Bb3 Bb7 23. Qf2 Rac8 24. g4 hxg4 25. fxg4 Bxd4 26. Qxd4 Qxc5 27. h5 Qxd4 28. Rxd4 Kg7 29.
h6+ Kh7 30. Re2 Rc7 31. Kd2 Rfc8 32. Rh2 Nb6 33. Bf6 Bd5 34. Re2 Bxb3 35. cxb3 Nd5 36.
g5 Rc2+ 37. Kd3 Rc1 38. Ke4 Rf1 39. Ke5 Rc6 40. Rc4 Rf5+ 41. Ke4 Rd6 42. Rc8 Nxf6+ 43.
gxf6 Rxf6 44. Ke5 Rf3 45. Kxd6 Rxb3 46. Ke7 Rf3 47. Rd2 Kxh6 48. Rh2+ Kg5 49. Rc5+ Kg4 50.
Rxa5 f5 51. Kxe6 Rg3 52. Rd2 g5 53. Kf6 Rf3 54. Rad5 b3 0-1

[Event "*** Titled Tuesday Blitz"]
[Site "Chess.com"]
[Date "2021.02.09"]
[Round "8"]
[White "Mihnea2017"]
[Black "enriquetejedor"]
[Result "0-1"]
[WhiteElo "2407"]
[BlackElo "2542"]
[TimeControl "180+1"]
[EndTime "11:30:03 PST"]
[Termination "enriquetejedor won by resignation"]

1. e4 e5 2. Nf3 Nc6 3. Bc4 Bc5 4. c3 Nf6 5. d3 O-O 6. Nbd2 d5 7. exd5 Nxd5 8.
O-O Nb6 9. Bb5 Bd6 10. Re1 Re8 11. a4 Bd7 12. a5 Nd5 13. a6 b6 14. Nc4 Qf6 15.
Be3 h6 16. Qa4 Nde7 17. d4 exd4 18. Nxd4 Rad8 19. Nxd6 Qxd6 20. Rad1 Nxd4 21. Bxd4 Bxb5 22. Qxb5 Qc6 23. Qh5 Qg6 24. Qf3 Nf5 25. Qb7 Rxe1+ 26. Rxe1 Nxd4 27. cxd4 Rxd4 28. Qxa7 Qe4 29. Qb8+ Kh7 30.
Rf1 Qc6 31. a7 Ra4 32. h4 g5 33. hxg5 Rg4 34. f3 Ra4 35. gxh6 Qc5+ 36. Rf2 Ra1+ 37.
Kh2 Qxf2 38. Qd8 Qc5 39. a8=Q Rxa8 40. Qxa8 Qe5+ 41. Kh3 Qxb2 42. Qe4+ Kxh6 43. Qf4+ Kg7 44. Qg5+ Kh7 45. Qh5+ Kg8 46. f4 Qh8 47. Kg4 Qxh5+ 48.
Kxh5 b5 49. Kg4 b4 50. Kf3 b3 51. Ke3 b2 52. Kd4 b1=Q 0-1

[Event "*** Titled Tuesday Blitz"]
[Site "Chess.com"]
[Date "2021.02.09"]
[Round "8"]
[White "PavelShkapenko"]
[Black "Ave_Mariia"]
[Result "1-0"]
[WhiteElo "2690"]
[BlackElo "2487"]
[TimeControl "180+1"]
[EndTime "11:30:04 PST"]
[Termination "PavelShkapenko won on time"]

1. e4 c5 2. c3 d5 3. exd5 Qxd5 4.
Nf3 Nc6 5. d4 Nf6 6. Be2 e6 7.
O-O Be7 8. c4 Qd8 9. dxc5 O-O 10.
Nc3 Bxc5 11. a3 e5 12. Bg5 Be7 13. b4 e4 14. Nd2 Bf5 15. Nb3 Ne5 16. Qxd8 Rfxd8 17. Rfd1 Rac8 18. Rxd8+ Rxd8 19. Rd1 Rxd1+ 20. Nxd1 Be6 21.
Ne3 b5 22. Na5 bxc4 23. Nexc4 Nxc4 24. Bxc4 Bxc4 25. Nxc4 h6 26. Bf4 Nd5 27. Bd6 Bf6 28. Bc5 a6 29. a4 Nc3 30. Nb6 Bd8 31. a5 f5 32. Kf1 Kf7 33. Bd4 Nb5 34. Bc5 Ke6 35. Ke2 Bc7 36. g3 Bd6 37. Na4 Kd5 38.
Bxd6 Nxd6 39. Nc5 Kc4 40. Nxa6 Kb5 41. Nc7+ Kxb4 42. a6 Nc8 43. Ke3 Ka5 44. Kf4 Kb6 45. Ne6 g6 46. Nf8 Ne7 47. Nxg6 Nxg6+ 48. Kxf5 Ne7+ 49.
Kxe4 Kxa6 50. Ke5 Kb7 51. Kf6 Nd5+ 52. Kg6 Nc3 53. f4 Kc6 54. Kxh6 Kd5 55. Kg6 1-0

[Event "*** Titled Tuesday Blitz"]
[Site "Chess.com"]
[Date "2021.02.09"]
[Round "8"]
[White "szachuspl"]
[Black "Andrakhanova"]
[Result "1-0"]
[WhiteElo "2501"]
[BlackElo "2244"]
[TimeControl "180+1"]
[EndTime "11:30:05 PST"]
[Termination "szachuspl won on time"]

1. h4 d5 2. h5 h6 3. c4 e6 4. Nf3 c6 5. b3 Nf6 6. Bb2 Nbd7 7. e3 Bd6 8. Qc2 a5 9. a3 Qe7 10. Be2 O-O 11. Nc3 Rd8 12. Nd4 dxc4 13. bxc4 Nc5 14. g4 Be5 15. g5 hxg5 16. Nf3 Bxc3 17. Bxc3 g4 18. Ng5 e5 19. h6 g6 20. h7+ Kh8 21.
a4 Bf5 22. Qb2 Nfd7 23. Bxe5+ f6 24. Bc3 Ne4 25. Nxe4 Bxe4 26. Rh2 Bf3 27. Bxf3 gxf3 28. O-O-O Ne5 29. Bxe5 Qxe5 30. Qxe5 fxe5 31. Rg1 Kg7 32.
Rh3 Rh8 33. Rxf3 Rxh7 34. Rfg3 Rh6 35. d3 Rd8 36. Kc2 Kf6 37. Kc3 Rd7 38. c5 Rd5 39.
Kc4 Rh4+ 40. Rg4 Rh6 41. f4 exf4 42. Rxf4+ Ke6 43. Rfg4 Kf6 44. d4 Rf5 45. e4 Rf2 46. e5+ Kf7 47. R4g2 Rf3 48. e6+ Kxe6 49. Rxg6+ Rxg6 50.
Rxg6+ Kf7 51. Rd6 Ra3 52. Rd7+ Ke6 53. Rxb7 Rxa4+ 54. Kd3 Ra1 55. Rb8 Rd1+ 56. Kc3 Rc1+ 57. Kd2 Ra1 58. Rd8 a4 59. Rd6+ Kf5 60. Rxc6 Ke4 61.
Rd6 Rh1 62. Kc3 1-0

[Event "*** Titled Tuesday Blitz"]
[Site "Chess.com"]
[Date "2021.02.09"]
[Round "8"]
[White "Pantata007"]
[Black "JSMastropiero"]
[Result "1-0"]
[WhiteElo "2230"]
[BlackElo "2363"]
[TimeControl "180+1"]
[EndTime "11:30:05 PST"]
[Termination "Pantata007 won by resignation"]

1. d4 d5 2. c4 dxc4 3. e3 Nf6 4. Bxc4 e6 5. Nf3 c5 6. O-O a6 7. dxc5 Bxc5 8. Qxd8+ Kxd8 9. Nbd2 Nc6 10. Be2 Ke7 11.
a3 Bd7 12. b4 Ba7 13. Bb2 Rhd8 14. Rfd1 Be8 15. Rac1 Rd7 16. Nb3 Rad8 17. Rxd7+ Rxd7 18. Nc5 Bxc5 19. Rxc5 Ne4 20. Rc1 f6 21. h3 e5 22.
Bc4 Nd2 23. Nxd2 Rxd2 24. Bc3 Rd8 25. Be1 Bf7 26. Be2 Bd5 27. g4 g6 28. f4 exf4 29.
exf4 Kf7 30. Kf2 Re8 31. Bd3 Nd4 32. Rc7+ Re7 33. Rxe7+ Kxe7 34. Bc3 Nb5 35. Bb2 Nd6 36. Ke3 f5 37. Kd4 Bg2 38. gxf5 Nxf5+ 39. Ke5 Bxh3 40. Be4 Nd6 41. Bd5 Bd7 42. Bd4 Bc6 43. Bc5 Bxd5 44. Bxd6+ Kd7 45. Kxd5 h6 46. Be5 g5 47. fxg5 hxg5 48.
Bg3 g4 49. Bh2 b6 50. Bg3 a5 51. b5 Kc8 52. Kc6 Kd8 53. Kxb6 1-0

[Event "*** Titled Tuesday Blitz"]
[Site "Chess.com"]
[Date "2021.02.09"]
[Round "8"]
[White "Sharpchess22"]
[Black "francyIM"]
[Result "1-0"]
[WhiteElo "2733"]
[BlackElo "2578"]
[TimeControl "180+1"]
[EndTime "11:30:08 PST"]
[Termination "Sharpchess22 won by checkmate"]

1. c4 c5 2. Nf3 Nc6 3. Nc3 g6 4. e3 Bg7 5. d4 d6 6. d5 Na5 7. h3 Bxc3+ 8. bxc3 e5 9. e4 b6 10.
Bg5 Qd7 11. Nd2 f5 12. exf5 gxf5 13. Be2 Qg7 14. Bh5+ Kf8 15. f4 h6 16. Bh4 e4 17.
O-O Ba6 18. Qe2 Qxc3 19. Rac1 Qg7 20. Kh2 Nf6 21. Bxf6 Qxf6 22. g4 Qd4 23. Nb3 Qd3 24.
Qxd3 exd3 25. Nxa5 bxa5 26. Rfd1 fxg4 27. Rxd3 gxh3 28.
Re3 Rh7 29. Re6 Rd8 30. f5 Bc8 31. Rf1 Bxe6 32. dxe6 Ke7 33. Bg6 Rhh8 34. Kxh3 Kf6 35. Re1 Rde8 36. Bxe8 Rxe8 37. Kg4 Re7 38. Rh1 Rh7 39.
Rh5 Ke5 40. Kf3 a4 41. Ke3 a3 42. Kf3 Rh8 43. Kg4 d5 44. cxd5 c4 45. f6+ Kxf6 46. Rf5+ Ke7 47. Kf4 Kd6 48. Ke4 c3 49. Rf7 h5 50. Rd7+ Kc5 51. Rc7+ Kb4 52. d6 h4 53. d7 h3 54. Rc8 Rh4+ 55. Kd3 h2 56. d8=Q Rh3+ 57.
Kc2 h1=Q 58. Qd4+ Kb5 59. Rc5+ Kb6 60. Qd6+ Kb7 61. Rc7+ Kb8 62. Qd8# 1-0

[Event "*** Titled Tuesday Blitz"]
[Site "Chess.com"]
[Date "2021.02.09"]
[Round "8"]
[White "vladgoncharov"]
[Black "wannabe2700"]
[Result "0-1"]
[WhiteElo "2491"]
[BlackElo "2753"]
[TimeControl "180+1"]
[EndTime "11:30:08 PST"]
[Termination "wannabe2700 won on time"]

1. e4 c6 2. d4 d5 3. e5 Bf5 4.
Nf3 e6 5. Be2 c5 6. O-O Nc6 7.
Be3 cxd4 8. Nxd4 Nxd4 9. Bxd4 Ne7 10. c4 Nc6 11. cxd5 Qxd5 12. Bc3 Qxd1 13. Rxd1 Rd8 14. Nd2 Bb4 15. Bxb4 Nxb4 16. Nc4 Ke7 17. Nd6 Rd7 18.
Bf3 Rb8 19. Rd2 Nd3 20. Rad1 Nxe5 21. Nxf5+ exf5 22. Rxd7+ Nxd7 23. Re1+ Kf8 24. Bd5 b6 25. Rc1 Ke7 26. Bf3 Nc5 27. b4 Ne6 28. h4 Rd8 29. a4 Rd4 30. Rb1 Rxh4 31. a5 Rd4 32. axb6 axb6 33.
b5 Nc7 34. Bc6 Kd6 35. Ra1 Rb4 36. Rd1+ Ke6 37. Re1+ Kf6 38. Rd1 Nxb5 39. Rd7 Nd4 40. Bd5 Ne6 41. Rb7 g5 42. g3 h5 43. Kg2 f4 44.
Rb8 fxg3 45. fxg3 Ke5 46. Bf3 g4 47. Bb7 Rb2+ 48. Kg1 Nd4 49. Bc8 Nf3+ 50. Kf1 f5 51.
Rb7 f4 52. Re7+ Kd6 53. Re6+ Kc7 54. gxf4 g3 0-1

[Event "*** Titled Tuesday Blitz"]
[Site "Chess.com"]
[Date "2021.02.09"]
[Round "8"]
[White "Kostukov_Alex"]
[Black "ErikBlomqvist"]
[Result "0-1"]
[WhiteElo "2379"]
[BlackElo "2523"]
[TimeControl "180+1"]
[EndTime "11:30:08 PST"]
[Termination "ErikBlomqvist won on time"]

1. g3 c5 2. Bg2 Nc6 3. c4 g6 4. Nf3 Bg7 5. O-O d6 6. Nc3 Bf5 7. d3 Qd7 8. Re1 Bh3 9. Bh1 h6 10. Rb1 Nf6 11. a3 a5 12. Bd2 O-O 13. Nd5 Nxd5 14.
cxd5 Nd4 15. Nxd4 cxd4 16. Qb3 Rfc8 17. Rbc1 Rc5 18. Rxc5 dxc5 19. a4 h5 20. Rc1 Rc8 21. Bxa5 Bh6 22. Rc2 h4 23. Bd2 Bxd2 24. Rxd2 Ra8 25.
Rd1 Rxa4 26. Qc2 b6 27. b3 Ra3 28. Rb1 Qa7 29. Bg2 Ra2 30. Rb2 Ra1+ 31. Rb1 Bg4 32.
f3 Bd7 33. gxh4 Qa5 34. Kf2 Ra2 35. Rb2 Ra1 36. Rb1 Rxb1 37. Qxb1 Qd2 38. Qe1 Qb2 39. Qd1 Kg7 40. Kg3 Qc3 41. f4 Bf5 42. Bf3 Kf6 43.
h5 gxh5 44. Bxh5 b5 45. Bf3 Qb4 46. Qc2 Qc3 47. Qd1 Qb2 48. Be4 Bxe4 49. dxe4 c4 50. e5+ Kf5 51. bxc4 bxc4 52. d6 Qc3+ 53. Kg2 exd6 54. exd6 Ke6 0-1

[Event "*** Titled Tuesday Blitz"]
[Site "Chess.com"]
[Date "2021.02.09"]
[Round "8"]
[White "vugarrasulov"]
[Black "Indianlad"]
[Result "0-1"]
[WhiteElo "2763"]
[BlackElo "2914"]
[TimeControl "180+1"]
[EndTime "11:30:09 PST"]
[Termination "Indianlad won on time"]

1. Nf3 Nf6 2. b3 g6 3. Bb2 Bg7 4. e3 O-O 5. d4 b6 6. c4 Bb7 7. Be2 e6 8. O-O d6 9. Nc3 Nbd7 10. Qc2 a6 11. Rfd1 Re8 12. Rac1 d5 13. b4 dxc4 14. Bxc4 Bxf3 15. gxf3 Nd5 16. f4 Nxb4 17. Qe2 b5 18. Bb3 c6 19. Ne4 Qb6 20. a3 Nd5 21. Rc2 N7f6 22. Ng5 h6 23. Nf3 Nd7 24. Rdc1 Ne7 25.
e4 a5 26. Kg2 a4 27. Ba2 Kh7 28. Qe3 Rad8 29. Ne5 Nxe5 30. dxe5 Qxe3 31. fxe3 g5 32. f5 exf5 33. exf5 Nxf5 34. Rxc6 Nxe3+ 35. Kf3 Nc4 36. Bxc4 bxc4 37. Rc7 Rd2 38. Bc3 Rd3+ 39. Kg2 Rxc3 40. Rxc3 Bxe5 41. Re3 Bxc7 42. Rxe8 c3 43. Re4 Bf4 44. Rc4 Bd2 45. Kf3 Kg6 46. Ke2 Bf4 47. Kd3 Bxh2 48. Rxa4 f5 49. Ra6+ Kh5 50. a4 g4 51. Ra8 g3 52. Rg8 f4 53. a5 f3 54.
a6 f2 55. Ke2 c2 56. Rc8 g2 57. Rc5+ Kg6 58. Rc6+ Kf7 0-1